 Dungeon Crawl Stone Soup version 0.29.0-5-ge4962eb29e (webtiles) character file.

Game seed: 7035814854863415838

4 sanka the Sneak (level 1, 0/19 HPs)
             Began as a Meteoran Delver on Aug 28, 2022.
             Slain by an orc
             ... wielding a +2 mace of protection
              (7 damage)
             ... on level 4 of the Dungeon.
             The game lasted 00:00:35 (77 turns).

sanka the Sneak (Meteoran Delver)                     Turns: 77, Time: 00:00:36

Health: 0/19       AC:  3    Str: 13    XL:     1   Next: 85%
Magic:  2/2        EV: 12    Int: 11    God:
Gold:   0          SH:  0    Dex: 15    Spells: 0/0 levels left

rFire   . . .      SeeInvis .   a - +0 hand axe
rCold   . . .      Faith    .   (no shield)
rNeg    . . .      Spirit   .   b - +0 leather armour
rPois   .          Reflect  .   (no helmet)
rElec   .          Harm     .   (no cloak)
rCorr   .          Rampage  .   (no gloves)
Will    .....                   (no boots)
Stlth   +.........              (no amulet)
HPRegen 0.06/turn               (no ring)
MPRegen 0.08/turn               (no ring)

@: confused, glowing
A: sense surroundings 1, otherworldly, glowing, explore regen
a: no special abilities


You were on level 4 of the Dungeon.
You visited 1 branch of the dungeon, and saw 2 of its levels.


Innate Abilities, Weirdness & Mutations

You passively map a small area around you.
You are easily found by Zot.
You glow in the dark.
You regain HP and MP as you explore.


   Skills:
 - Level 3.2 Fighting
 + Level 2.9 Axes
 - Level 2.4 Dodging
 - Level 3.7 Stealth


You couldn't memorise any spells.
You didn't know any spells.
Your spell library was empty.

Inventory:

Hand Weapons
 a - a +0 hand axe (weapon)
Armour
 b - a +0 leather armour (worn)
Wands
 g - a wand of digging (3)
Scrolls
 c - a scroll of fog
 d - a scroll of magic mapping
 e - a scroll of fear
 h - a scroll of butterflies {unknown}
Potions
 f - a potion of haste {@q3}

Dungeon Overview and Level Annotations

Branches:
Dungeon (5/15) Zot: 1120
 Temple: D:4-7

Altars:

Annotations:
D:5 Prince Ribbit

▒..... , +......▒ ░
░░▒....▒.▒.▒ ░+ ,
▒....▒.▒.▒ ,. ░
▒....▒.▒.▒▒......
▒....▒.▒.▒▒.....░
▒....▒.▒.▒▒.... ░
▒....▒........▒ ░
▒.....po.▒▒...▒ ░ ░
▒▒▒.....o..▒▒...▒ ,
▒........o.▒▒...▒+▒▒▒.
▒.▒▒▒▒▒...▒..)........
▒.▒ ▒...▒..)▒o......
▒.▒ ▒▒▒▒▒...▒.......
▒.▒ ▒...▒....o.. ▒.▒
▒...▒....... ▒.▒
▒...▒...o.o.


You could see 2 orc wizards and an orc.


Message History

You kill the giant cockroach!
An orc wizard comes into view. It is wielding a +0 dagger.
The orc wizard shouts!
The orc wizard gestures at you while chanting.
The magic dart hits you.
* * * LOW HITPOINT WARNING * * *
An orc comes into view. It is wielding a +2 mace of protection.
Things that are here:
a +0 club; a kobold corpse An orc and an orc wizard come into view.
An orc wizard comes into view. It is wielding a +0 dagger.
The orc wizard points at you and mumbles some strange words.
The magic dart hits you!
* * * LOW HITPOINT WARNING * * *
The orc throws a boomerang.
The boomerang misses you.
Unknown command.
Things that are here:
a +0 club; a kobold corpse The orc wizard points at you and mumbles some strange words.
You are confused.
Okay, then.
The orc wizard gestures at you while chanting.
You resist with significant effort.
The orc wizard hits you with a +0 dagger.
* * * LOW HITPOINT WARNING * * *
You hit the orc but do no damage. You closely miss the orc wizard.
The orc hits you with a +2 mace of protection!
You die...

Action                   || total
-------------------------++-------
Melee: Hand axe          ||    11
Armor: Leather armour    ||     4
Dodge: Dodged            ||     7

Levels and vault maps discovered:
D:4:      layout_basic, good_gods_temple_1, minmay_temple_entry_butterflies
D:5:      layout_cave_pools, serial_shops, kennysheep_mini, serial_gnoll_camp,
          gnoll_camp_mini_sergeant, gnoll_camp_huts_moat, gnoll_camp_mini_hut,
          gnoll_camp_mini_basic, grums_kennel, kennysheep_generic_room_8,
          uniq_prince_ribbit1

Notes
Turn   | Place    | Note
-------+----------+-------------------------------------------
     0 | D:5      | sanka the Meteoran Delver began the quest for the Orb.
     0 | D:5      | Reached XP level 1. HP: 19/19 MP: 2/2
     8 | D:5      | Noticed a gnoll sergeant
    11 | D:5      | Noticed a gnoll bouda
    21 | D:5      | Noticed Prince Ribbit
    61 | D:4      | Noticed an orc wizard
    63 | D:4      | Noticed an orc wizard
    63 | D:4      | Noticed an orc wizard
    77 | D:4      | Slain by an orc

Vanquished Creatures
  A giant cockroach (D:4)
  A jackal (D:5)
  2 kobolds (D:4)
4 creatures vanquished.
